 Dungeon Crawl Stone Soup version 0.31-a0-654-gbe3e110b4e (webtiles) character file.

Game seed: 7831729681636259485

1131 Sanktem7 the Chopper (level 8, -1/70 HPs)
             Began as a Minotaur Fighter on Aug 29, 2023.
             Killed from afar by an electric eel (10 damage)
             ... with a bolt of electricity
             ... on level 6 of the Dungeon.
             The game lasted 00:06:59 (5479 turns).

Sanktem7 the Chopper (Minotaur Fighter)             Turns: 5479, Time: 00:07:00

Health: -1/70      AC: 11    Str: 22    XL:     8   Next: 13%
Magic:  7/7        EV:  8    Int:  5    God:
Gold:   227        SH:  5    Dex: 11    Spells: 7/7 levels left

rFire   . . .        a - +0 war axe {axe}
rCold   . . .        c - +0 buckler
rNeg    . . .        o - +0 chain mail
rPois   .            (helmet restricted)
rElec   .            (no cloak)
rCorr   .            (no gloves)
SInv    .            f - +0 pair of boots
Will    +....        (no amulet) Stlth
                     b - ring of willpower
HPRegen 0.31/turn    y - +4 ring of slaying
MPRegen 0.10/turn

%: no passive effects
@: lethally poisoned (-1 -> -3)
A: horns 2, retaliatory headbutt
a: no special abilities


You were on level 6 of the Dungeon.
You visited 2 branches of the dungeon, and saw 7 of its levels.

You collected 227 gold pieces.


Innate Abilities, Weirdness & Mutations

You have a pair of horns on your head.
You reflexively headbutt those who attack you in melee.


   Skills:
 + Level 6.0 Fighting
 * Level 7.3 Axes
 + Level 3.0 Throwing
 + Level 6.0 Armour
 + Level 5.9 Shields


You had 7 spell levels left.
You didn't know any spells.
Your spell library contained the following spells:

 Spells                   Type           Power      Damage    Failure   Level
 Summon Small Mammal      Summ           0%         N/A       98%         1
 Lesser Beckoning         Tloc           0%         N/A       99%         2
 Call Canine Familiar     Summ           0%         N/A       100%        3
 Gell's Gravitas          Tloc           0%         N/A       100%        3
 Summon Guardian Golem    Hex/Summ       0%         N/A       100%        3
 Teleport Other           Tloc           0%         N/A       100%        3
 Animate Dead             Necr           0%         N/A       100%        4
 Borgnjor's Vile Clutch   Necr/Erth      0%         N/A       100%        5
 Death Channel            Necr           0%         N/A       100%        6

Inventory:

Hand Weapons
 a - a +0 war axe (weapon) {axe}
 A - a +0 falchion of holy wrath {long}
   (You took it off an orc priest on level 5 of the Dungeon)
Missiles
 e - 40 stones {throwing}
 k - 3 curare-tipped darts {=fthrowing}
 n - 4 javelins {throwing}
 p - 8 boomerangs {throwing}
 x - 2 poisoned darts {throwing}
Armour
 c - a +0 buckler (worn)
 f - a +0 pair of boots (worn)
   (You found it on level 2 of the Dungeon)
 o - a +0 chain mail (worn)
   (You found it on level 2 of the Dungeon)
Jewellery
 b - a ring of willpower (left hand)
   (You found it on level 3 of the Dungeon)
 y - a +4 ring of slaying (right hand)
   (You found it on level 4 of the Dungeon)
Wands
 t - a wand of paralysis (5)
   (You found it on level 3 of the Dungeon)
Scrolls
 g - a scroll of fear {unknown}
 h - 4 scrolls of identify {unknown}
 j - 3 scrolls of teleportation {unknown}
 m - a scroll of blinking {unknown}
 q - a scroll of enchant weapon {unknown}
 r - a scroll of enchant armour {unknown}
 v - a scroll of vulnerability {unknown}
 w - 2 scrolls of revelation {unknown}
Potions
 d - a potion of might
 i - 2 potions of resistance {unknown}
 l - 3 potions of enlightenment {unknown}
 s - a potion of ambrosia {unknown}
 u - a potion of curing {unknown}
 z - a potion of haste {unknown}
 B - a potion of degeneration {unknown}
 C - a potion of lignification {unknown}

Dungeon Overview and Level Annotations

Branches:
Dungeon (6/15) Zot: 26911  Temple (1/1) D:4 Zot: 5973

Altars:
Ashenzari
Cheibriados
Dithmenos
Elyvilon
Hepliaklqana
Makhleb
Nemelex Xobeh
Qazlal
Sif Muna
Trog
Uskayaw
Yredelemnul
The Shining One

Shops:
D:2 *   D:4 :

Annotations:
D:5 1 runed translucent door, LobsterGuardian's ghost, novice OpEn

≈ #.≈.# ≈.
#.≈.# ≈≈≈
#.≈.#
...#####.≈.#
####.!..$.≈.#
....≈≈≈≈S≈≈.#
≈≈≈≈..).))..#
#.##.####g.##
##@######
#.......#
#.#####.#
#.#####.####
...........#
##.#.#.#.##.#
#.
##...#.#####
##
#.##.......#
#.. ###.###.#


You could see an electric eel and a gnoll.


Message History

You hit the bullfrog.
You kill the bullfrog!
Your Throwing skill increases to level 3!
Your Armour skill increases to level 6!
w - 2 scrolls labelled JUEDUREONU (gained 1)
Found a stone staircase leading down.
You hear the slow rusting of a very distant drain.
A gnoll comes into view. It is wielding a +1 whip of venom.
A gnoll comes into view. It is wielding a +0 flail.
The gnoll moves out of view.
A gnoll bouda comes into view. It is wielding a +0 club.
The gnoll bouda shouts!
An electric eel comes into view.
The gnoll hits you with a +1 whip of venom. 😕 HP[-1]
You take 1 damage, and now have 69/70 hp.
You hit the gnoll. You block the gnoll's attack.
A gnoll comes into view. It is wielding a +0 spear.
You closely miss the gnoll. You block the gnoll's attack. 😎 HP[+1]
Your hp is fully restored (70).
You closely miss the gnoll.
The gnoll hits you with a +1 whip of venom.
You are poisoned. 😕 HP[-2]
You take 2 damage, and now have 68/70 hp.
You slash the gnoll bouda! You headbutt the gnoll bouda!
You feel very sick.
The gnoll bouda hits you with a +0 club. 😕 HP[-5]
You take 5 damage, and now have 63/70 hp.
You slash the gnoll bouda!
You kill the gnoll bouda!
You feel sick.
Your Fighting skill increases to level 6! 😕 HP[-2]
You take 2 damage, and now have 61/70 hp.
You barely miss the gnoll. You barely miss the electric eel.
You feel sick. The gnoll hits you but does no damage.
You are more poisoned.
The gnoll hits you from afar with a +0 spear.
The electric eel shoots out a bolt of lightning at you!
The bolt of electricity hits you but does no damage. 😕 HP[-6]
You take 6 damage, and now have 55/70 hp.
You miss the electric eel. You headbutt the electric eel.
You closely miss the gnoll.
You feel very sick.
The electric eel shoots out a bolt of lightning at you!
The bolt of electricity hits you!
The gnoll hits you with a +1 whip of venom.
You are more poisoned.
You block the gnoll's attack. 😮 HP[-12]
You take 12 damage, and now have 43/70 hp.
You feel very sick. The gnoll attacks as it pursues you!
The gnoll hits you but does no damage. 😮 HP[-3]
You take 3 damage, and now have 40/70 hp.
You feel sick. 😮 HP[-2]
You take 2 damage, and now have 38/70 hp.
You feel sick.
The electric eel shoots out a bolt of lightning at you!
The bolt of electricity hits you!
* * * LOW HITPOINT WARNING * * *
You block the gnoll's attack. 😨 HP[-11]
You take 11 damage, and now have 27/70 hp.
You feel sick.
The electric eel shoots out a bolt of lightning at you!
The bolt of electricity hits you!
* * * LOW HITPOINT WARNING * * *
The bolt of electricity hits you but does no damage.
The gnoll attacks as it pursues you! You block the gnoll's attack. 😱 HP[-13]
You take 13 damage, and now have 14/70 hp.
Unknown command.
You feel sick.
The electric eel shoots out a bolt of lightning at you!
The bolt of electricity hits the gnoll!
The bolt of electricity hits you.
* * * LOW HITPOINT WARNING * * *
The bolt of electricity misses you.
The bolt of electricity hits the gnoll!
The gnoll dies!
The bolt of electricity hits the electric eel.
The electric eel completely resists.
The gnoll hits you but does no damage. 😱 HP[-4]
You take 4 damage, and now have 10/70 hp.
You feel sick.
The electric eel shoots out a bolt of lightning at you!
The bolt of electricity hits the gnoll!
The gnoll dies!
The bolt of electricity hits you but does no damage.
The gnoll attacks as it pursues you! You block the gnoll's attack.
You barely miss the gnoll.
You headbutt the gnoll, but do no damage.
You feel sick.
The electric eel shoots out a bolt of lightning at you!
The bolt of electricity hits the gnoll!
The bolt of electricity hits you!
You die...

Skill      XL: |  1  2  3  4  5  6  7  8 |
---------------+-------------------------+-----
Axes           | 3 4 5 6 7 |  7.3
Shields        | 4 5 |  5.9
Fighting       | 4 5 6 |  6.0
Armour         | 4 5 6 |  6.0
Throwing       | 1 2 3 |  3.0

Action                     |  1- 3 |  4- 6 |  7- 9 || total
---------------------------+-------+-------+-------++-------
  Melee: War axe           |    75 |   169 |    49 ||   293
         Headbutt          |    10 |    20 |    11 ||    41
 Armour: Scale mail        |    36 |     2 |       ||    38
         Chain mail        |       |    89 |    33 ||   122
  Dodge: Dodged            |    39 |    67 |    11 ||   117
  Block: Buckler           |    14 |    35 |    15 ||    64

Levels and vault maps discovered:
D:1:      dpeg_cavernosity, layout_basic
D:2:      layout_loops_corners, serial_shops, nicolae_diamond_shop
D:3:      layout_loops_corners
D:4:      layout_loops_ring, nicolae_qazlal_eye_of_the_storm,
          minmay_temple_entry_tees, nicolae_shop_i_like_small_books_too,
          nicolae_titane
D:5:      layout_layer_cave, nicolae_overflow_hidden_temple,
          ebering_ghost_reflecting_pool
D:6:      layout_loops_cross, okawaru_gym_becter,
          nicolae_overflow_two_pavilions, nicolae_overflow_squiral,
          gup_sewer_entry_spiral, lexackson_kobold_supper
Temple:   hellmonk_temple_of_storms

Notes
Turn   | Place    | Note
-------+----------+-------------------------------------------
     0 | D:1      | Sanktem7 the Minotaur Fighter began the quest for the Orb.
     0 | D:1      | Reached XP level 1. HP: 19/19 MP: 0/0
     0 | D:1      | magus.rc [v1.9.6]
   233 | D:1      | Reached XP level 2. HP: 26/27 MP: 1/1
   285 | D:1      | You fall into a shaft and drop 1 floor!
   364 | D:2      | You pick up a book of Displacement and begin reading...
   364 | D:2      | You add the spells Lesser Beckoning, Gell's Gravitas and
                  | Teleport Other to your library.
   396 | D:2      | Reached skill level 3 in Axes
   595 | D:2      | Reached skill level 4 in Shields
   667 | D:2      | Reached skill level 4 in Fighting
   667 | D:2      | Reached skill level 4 in Armour
   667 | D:2      | Reached XP level 3. HP: 33/33 MP: 2/2
   760 | D:2      | Found Koxtyc's Assorted Antiques.
  1345 | D:2      | Reached XP level 4. HP: 33/40 MP: 3/3
  1583 | D:2      | Reached skill level 4 in Axes
  2258 | D:3      | You pick up a book of Unlife and begin reading...
  2258 | D:3      | You add the spells Animate Dead, Borgnjor's Vile Clutch and
                  | Death Channel to your library.
  2264 | D:3      | Reached XP level 5. HP: 47/47 MP: 4/4
  2653 | D:3      | You pick up a book of Callings and begin reading...
  2653 | D:3      | You add the spells Summon Small Mammal, Call Canine
                  | Familiar and Summon Guardian Golem to your library.
  2991 | D:4      | Reached skill level 5 in Axes
  3085 | D:4      | Reached skill level 1 in Throwing
  3115 | D:4      | Reached XP level 6. HP: 21/55 MP: 5/5
  3125 | D:4      | HP: 11/55 [orc priest/+0 trident (4)]
  3127 | D:4      | HP: 5/55 [frozen (3)]
  3128 | D:4      | HP: 2/55 [orc priest/+0 trident (3)]
  3415 | D:4      | Found a staircase to the Ecumenical Temple.
  3424 | Temple   | Entered the Ecumenical Temple
  3672 | D:4      | Found Puchoag's Tiny Tomes.
  3829 | D:4      | Found a stormy altar of Qazlal.
  4011 | D:5      | Entered Level 5 of the Dungeon
  4021 | D:5      | Reached skill level 5 in Fighting
  4021 | D:5      | Reached skill level 5 in Armour
  4021 | D:5      | Reached skill level 5 in Shields
  4033 | D:5      | Noticed an orc warrior
  4042 | D:5      | Killed an orc warrior
  4043 | D:5      | Reached skill level 6 in Axes
  4043 | D:5      | Reached skill level 2 in Throwing
  4043 | D:5      | Reached XP level 7. HP: 30/61 MP: 6/6
  4236 | D:5      | Found a runed translucent door.
  4251 | D:5      | Noticed LobsterGuardian's ghost (novice OpEn)
  4566 | D:5      | Reached skill level 7 in Axes
  4566 | D:5      | Reached XP level 8. HP: 64/70 MP: 7/7
  4784 | D:5      | Found a hazy altar of Hepliaklqana.
  5399 | D:6      | Reached skill level 3 in Throwing
  5399 | D:6      | Reached skill level 6 in Armour
  5471 | D:6      | Reached skill level 6 in Fighting
  5476 | D:6      | HP: 14/70 [electric eel/bolt of electricity (11)]
  5479 | D:6      | Killed from afar by an electric eel

Vanquished Creatures
  An orc warrior (D:5)
  2 black bears (D:5)
  A phantom (D:5)
  A bullfrog (D:6)
  A scorpion (D:5)
  2 hounds (D:5)
  A jelly (D:5)
  8 orc priests
  A gnoll bouda (D:6)
  A sleepcap (D:5)
  An iguana (D:4)
  2 orc wizards (D:5)
  7 adders
  A shadow imp (D:5)
  3 worms
  4 dart slugs
  22 orcs
  8 ball pythons
  9 bats
  7 endoplasms
  2 giant cockroaches
  9 goblins
  6 hobgoblins
  10 jackals
  2 quokkas
  2 frilled lizards
  10 kobolds
  7 rats
131 creatures vanquished.

Vanquished Creatures (others)
  2 gnolls (D:6)
2 creatures vanquished.

Grand Total: 133 creatures vanquished

Table legend:
 A = Non-vault XP
 B = Vault XP
 C = Vault XP percentage of total XP
 D = Non-vault monster count
 E = Vault monster count
 F = Vault count percentage of total count
                 A         B        C        D         E       F
            +---------+---------+-------+---------+---------+-------
      Total |    1609 |       7 |   0.4 |     127 |       4 |   3.1
            +---------+---------+-------+---------+---------+-------
        D:1 |      36 |       7 |  16.3 |      21 |       4 |  16.0
        D:2 |      85 |       0 |   0.0 |      24 |       0 |   0.0
        D:3 |     191 |       0 |   0.0 |      29 |       0 |   0.0
        D:4 |     190 |       0 |   0.0 |      26 |       0 |   0.0
        D:5 |     982 |       0 |   0.0 |      25 |       0 |   0.0
        D:6 |     125 |       0 |   0.0 |       2 |       0 |   0.0
            +---------+---------+-------+---------+---------+-------

Skill      XL: |  1  2  3  4  5  6  7  8 |
---------------+-------------------------+-----
Axes           | 3 4 5 6 7 |  7.3
Shields        | 4 5 |  5.9
Fighting       | 4 5 6 |  6.0
Armour         | 4 5 6 |  6.0
Throwing       | 1 2 3 |  3.0

Action                     |  1- 3 |  4- 6 |  7- 9 || total
---------------------------+-------+-------+-------++-------
  Melee: War axe           |    75 |   169 |    49 ||   293
         Headbutt          |    10 |    20 |    11 ||    41
 Armour: Scale mail        |    36 |     2 |       ||    38
         Chain mail        |       |    89 |    33 ||   122
  Dodge: Dodged            |    39 |    67 |    11 ||   117
  Block: Buckler           |    14 |    35 |    15 ||    64

Illustrated notes

Table legend:
 A = Kills in this place as a percentage of kills in the entire game.
 B = Kills by you in this place as a percentage of kills by you in the entire game.
 C = Kills by friends in this place as a percentage of kills by friends in the entire game.
 D = Other kills in this place as a percentage of other kills in the entire game.
 E = Experience gained in this place as a percentage of experience gained in the entire game.
 F = Experience gained in this place divided by the number of levels of this place that you have seen.
                   A       B       C       D       E      F
               +-------+-------+-------+-------+-------+----------------------
         Total | 100.0 | 100.0 |   N/A |   N/A | 100.0 | 230.9
       Dungeon | 100.0 | 100.0 |   N/A |   N/A | 100.0 | 269.3
               +-------+-------+-------+-------+-------+----------------------

Table legend: (Time is in decaauts)
 A = Elapsed time spent in this place.
 B = Non-inter-level travel time spent in this place.
 C = Inter-level travel time spent in this place.
 D = Time resting spent in this place.
 E = Time spent auto-exploring this place.
 F = Levels seen in this place.
 G = Mean time per level.
                   A        B        C        D        E       F      G
               +--------+--------+--------+--------+--------+-----+--------+
         Total |   5566 |   5396 |    170 |      0 |   4509 |   7 |  795.1 |
       Dungeon |   5539 |   5369 |    170 |      0 |   4509 |   6 |  923.2 |
        Temple |     26 |     26 |      0 |      0 |      0 |   1 |   26.0 |
               +--------+--------+--------+--------+--------+-----+--------+

Top non-repeatable levels by time:
     D:5: 1392 daAuts
     D:2: 1111 daAuts
     D:3: 1066 daAuts
     D:4: 1024 daAuts
     D:1: 856 daAuts
     D:6: 87 daAuts
  Temple: 26 daAuts
